 Dungeon Crawl Stone Soup version 0.22.1 (webtiles) character file.

44 MalarOregon the Skirmisher (level 3, -3/33 HPs)
             Began as a Hill Orc Fighter on Sept 18, 2018.
             Slain by an ogre
             ... wielding a +0 giant spiked club
              (18 damage)
             ... on level 2 of the Dungeon.
             The game lasted 00:00:55 (731 turns).

MalarOregon the Skirmisher (Hill Orc Fighter)        Turns: 731, Time: 00:00:56

Health: -3/33      AC:  9    Str: 18    XL:     3   Next: 60%
Magic:  3/3        EV:  7    Int:  9    God:
Gold:   82         SH:  9    Dex: 10    Spells: 2/2 levels left

rFire    . . .     SeeInvis .   a - +0 war axe
rCold    . . .     Gourm    .   c - +0 shield
rNeg     . . .     Faith    .   b - +0 scale mail
rPois    .         Spirit   .   (no helmet)
rElec    .         Reflect  .   (no cloak)
rCorr    .         Harm     .   (no gloves)
MR       .....                  k - +1 pair of boots
Stlth    ..........             (no amulet)
HPRegen  0.11/turn              (no ring)
MPRegen  0.08/turn              (no ring)

@: no status effects
A: no striking features
a: no special abilities


You were on level 2 of the Dungeon.
You were not hungry.

You visited 1 branch of the dungeon, and saw 2 of its levels.

You collected 82 gold pieces.

Inventory:

Hand Weapons
 a - a +0 war axe (weapon)
Armour
 b - a +0 scale mail (worn)
 c - a +0 shield (worn)
 k - a +1 pair of boots (worn)
   (You found it on level 1 of the Dungeon)
 m - a +0 helmet
   (You found it on level 2 of the Dungeon)
Jewellery
 n - an uncursed ring of poison resistance {unknown}
   (You found it on level 2 of the Dungeon)
Scrolls
 f - a scroll of amnesia {unknown}
 g - a scroll of enchant weapon {unknown}
 j - a scroll of remove curse {unknown}
 o - a scroll of teleportation {unknown}
Potions
 d - a potion of might
 i - 2 potions of curing {unknown}
 l - a potion of heal wounds {unknown}
Comestibles
 e - 3 rations {!d}
 h - 2 chunks of flesh


   Skills:
 + Level 4.1 Fighting
 + Level 3.4 Axes
 + Level 3.7 Armour
 + Level 3.7 Shields


You had 2 spell levels left.
You didn't know any spells.
Your spell library was empty.

Dungeon Overview and Level Annotations

Branches:
Dungeon (2/15)

Altars:
Ashenzari

Annotations:
D:2 1 runed door


Message History

No target in view!
No target in view!
No target in view!
No target in view!
You butcher the jackal corpse.
h - 5 chunks of flesh (gained 1)
You butcher the frilled lizard corpse.
h - 6 chunks of flesh (gained 1)
Things that are here:
a jackal skeleton; a frilled lizard skeleton
Things that are here:
a jackal skeleton; a frilled lizard skeleton
o - a scroll labeled AWUBUL OSTRERE
Things that are here:
a jackal skeleton; a frilled lizard skeleton You now have 82 gold pieces (gained 7).
Found a mace.
You see here a mace.
An ooze comes into view.
The ooze quivers.
An ooze is nearby!
An ooze is nearby!
An ogre comes into view. It is wielding a giant spiked club.
You block the ooze's attack.
You hit the ooze. You block the ooze's attack. x2
Some of the chunks of flesh in your inventory have rotted away.
You hit the ooze. You barely miss the ogre. You block the ooze's attack.
The ogre hits you with a giant spiked club!
You hit the ooze but do no damage. You hit the ogre.
The ooze completely misses you. The ogre closely misses you.
You hit the ooze but do no damage. You slash the ogre!
You block the ooze's attack.
The ogre hits you with a giant spiked club!
* * * LOW HITPOINT WARNING * * *
The ooze hits you but does no damage.
Your shield and scale mail prevent you from hitting the ooze.
You block the ooze's attack.
You hit the ooze but do no damage. The ooze hits you but does no damage.
The ooze closely misses you.
You slash the ooze!
You kill the ooze!
A giant cockroach comes into view.
You block the ogre's attack.
You hit the ogre. You block the ogre's attack.
Your shield and scale mail prevent you from hitting the ogre.
The ogre barely misses you.
You hit the ogre.
The ogre hits you with a giant spiked club!!
Ouch! That really hurt!
You die...

## ## #
.... #.
.#.## ..
...#
##.#.#..#
......s.#
#O# #@#
#.# #.#
#.# #.#
########.#
.........#
########.#
#.#


You could see an ogre and a giant cockroach.

Vanquished Creatures
  An adder (D:2)
  An ooze (D:2)
  A dart slug (D:1)
  2 bats (D:1)
  2 giant cockroaches (D:2)
  4 goblins
  6 hobgoblins
  3 jackals (D:2)
  2 frilled lizards
  2 kobolds
  2 rats (D:1)
26 creatures vanquished.

Notes
Turn   | Place    | Note
-------+----------+-------------------------------------------
     0 | D:1      | MalarOregon the Hill Orc Fighter began the quest for the
                  | Orb.
     0 | D:1      | Reached XP level 1. HP: 19/19 MP: 1/1
   162 | D:1      | Reached XP level 2. HP: 27/27 MP: 2/2
   539 | D:2      | Reached skill level 4 in Fighting
   539 | D:2      | Reached XP level 3. HP: 32/33 MP: 3/3
   608 | D:2      | Found a shattered altar of Ashenzari.
   677 | D:2      | Found a runed door.
   720 | D:2      | Noticed an ogre
   731 | D:2      | Slain by an ogre

Skill      XL: |  1  2 |
---------------+-------+-----
Axes           | 3 |  3.4
Fighting       | 4 |  4.1
Armour         | |  3.7
Shields        | |  3.7

Action                   || total
-------------------------++-------
Melee: War axe           ||    70
Armor: Scale mail        ||    39
Dodge: Dodged            ||    22
Block: Shield            ||    42
